TOP OF THE 1ST |
Winnipeg Goldeyes batting - Pitching for York Revolution : RHP Victor Hurtado
|
Pitching: RHP Victor Hurtado
|
|
Batting: SHB Ian Thompson
|
0-0: Ball 1-0: Ball 2-0: Foul Ball, location: 2F 2-1: Ball 3-1: Foul Ball, location: 2F 3-2: Foul Ball, location: 2F 3-2: Base on Balls
|
Batting: RHB Willie Jimenez
|
0-0: Swinging Strike 0-1: Called Strike 0-2: Strikes out looking
|
Batting: RHB Steve Raine
|
0-0: Ball 1-0: Fly out, F8 (Line Drive, 8LM, EV 99.4 MPH)
|
Batting: LHB Marvin Shepherd
|
0-0: Ball 1-0: Ball 2-0: Foul Ball, location: 2F 2-1: Ball 3-1: Fly out, F9 (Flyball, 9LS, EV 89.4 MPH)
|
Top of the 1st over - 0 runs, 0 hits, 0 errors, 1 left on base; Winnipeg 0 - York 0 |
BOTTOM OF THE 1ST |
York Revolution batting - Pitching for Winnipeg Goldeyes : RHP Carlos Palacios
|
Pitching: RHP Carlos Palacios
|
|
Batting: RHB Tony Perez
|
0-0: Swinging Strike 0-1: Called Strike 0-2: Foul Ball, location: 2F 0-2: Ground out 5-3 (Groundball, 56S, EV 84.4 MPH)
|
Batting: RHB Chris Myers
|
0-0: Ball 1-0: Ball 2-0: Ball 3-0: Called Strike 3-1: Swinging Strike 3-2: Ground out 6-3 (Groundball, 6, EV 108.1 MPH)
|
Batting: RHB Trent Hedrick
|
0-0: Called Strike 0-1: Ball 1-1: Ball 2-1: SINGLE (Line Drive, 9S, EV 86.2 MPH)
|
Batting: RHB Jose Corral
|
0-0: Called Strike 0-1: Ball 1-1: Ball Trent Hedrick steals 2nd base 2-1: Fly out, F9 (Flyball, 9LM, EV 94.4 MPH)
|
Bottom of the 1st over - 0 runs, 1 hit, 0 errors, 1 left on base; Winnipeg 0 - York 0 |
TOP OF THE 2ND |
Winnipeg Goldeyes batting - Pitching for York Revolution : RHP Victor Hurtado
|
Batting: LHB Kuemon Shishido
|
0-0: Foul Ball, location: 2F 0-1: Foul Ball, location: 2F 0-2: Foul Ball, location: 2F 0-2: Ball 1-2: Foul Ball, location: 2F 1-2: Ground out 4-3 (Groundball, 4, EV 102.5 MPH)
|
Batting: SHB Manny Molina
|
0-0: Ball 1-0: Called Strike 1-1: Called Strike 1-2: Ball 2-2: Fly out, F8 (Flyball, 89M, EV 89.4 MPH)
|
Batting: LHB Brian Wagner
|
0-0: Ball 1-0: Foul Ball, location: 2F 1-1: Foul Ball, location: 2F 1-2: Strikes out looking
|
Top of the 2nd over - 0 runs, 0 hits, 0 errors, 0 left on base; Winnipeg 0 - York 0 |
BOTTOM OF THE 2ND |
York Revolution batting - Pitching for Winnipeg Goldeyes : RHP Carlos Palacios
|
Pitching: LHP Kevin Drew
|
|
Batting: RHB Victor Arias
|
0-0: Ball 1-0: Ball 2-0: Ground out 6-3 (Groundball, 6D, EV 85.0 MPH)
|
Batting: RHB Jake Cox
|
0-0: Fly out, F4 (Popup, 34, EV 78.1 MPH)
|
Batting: SHB Brett St. Clair
|
0-0: Ground out 1-3 (Groundball, 15, EV 65.6 MPH)
|
Bottom of the 2nd over - 0 runs, 0 hits, 0 errors, 0 left on base; Winnipeg 0 - York 0 |
TOP OF THE 3RD |
Winnipeg Goldeyes batting - Pitching for York Revolution : RHP Victor Hurtado
|
Batting: RHB Alexandre Garcia
|
0-0: Ball 1-0: Foul Ball, location: 2F 1-1: Called Strike 1-2: Strikes out looking
|
Batting: RHB Kenny Reynolds
|
0-0: Ball 1-0: Ball 2-0: Ball 3-0: Called Strike 3-1: Called Strike 3-2: Foul Ball, location: 2F 3-2: Strikes out looking
|
Batting: SHB Ian Thompson
|
0-0: Ball 1-0: Ball 2-0: Called Strike 2-1: SINGLE (Line Drive, 8LS, EV 101.9 MPH)
|
Batting: RHB Willie Jimenez
|
0-0: Ball Ian Thompson steals 2nd base 1-0: Ball 2-0: Called Strike 2-1: DOUBLE (Line Drive, 78D, EV 106.2 MPH) Ian Thompson scores
|
Batting: RHB Steve Raine
|
0-0: Ball 1-0: Ground out 1-3 (Groundball, 34S, EV 66.9 MPH)
|
Top of the 3rd over - 1 run, 2 hits, 0 errors, 1 left on base; Winnipeg 1 - York 0 |
BOTTOM OF THE 3RD |
York Revolution batting - Pitching for Winnipeg Goldeyes : LHP Kevin Drew
|
Batting: RHB Joe Hewitt
|
0-0: DOUBLE (Flyball, 89D, EV 93.8 MPH)
|
Batting: RHB Corey Harris
|
0-0: Ground out 6-3 (Groundball, 6, EV 83.8 MPH)
|
Batting: RHB Tony Perez
|
0-0: Ball 1-0: Called Strike 1-1: Ball 2-1: Ball 3-1: Foul Ball, location: 2F 3-2: Base on Balls
|
Batting: RHB Chris Myers
|
0-0: Fielders Choice at 2nd, 5-4 (Groundball, 5, EV 90.6 MPH) Joe Hewitt to third
|
Batting: RHB Trent Hedrick
|
0-0: Ball 1-0: Foul Ball, location: 2F 1-1: Ball 2-1: Swinging Strike 2-2: SINGLE (Groundball, 4D, EV 101.2 MPH) Joe Hewitt scores Chris Myers to second Runner from 2nd tries for 3rd, SAFE, throw by RF made to third Trent Hedrick to second
|
Pitching: LHP David Gordon
|
|
Batting: RHB Jose Corral
|
0-0: Ball 1-0: Fly out, F6 (Popup, 6M, EV 56.9 MPH)
|
Bottom of the 3rd over - 1 run, 2 hits, 0 errors, 2 left on base; Winnipeg 1 - York 1 |
TOP OF THE 4TH |
Winnipeg Goldeyes batting - Pitching for York Revolution : RHP Victor Hurtado
|
Batting: LHB Marvin Shepherd
|
0-0: Ball 1-0: Fly out, F8 (Flyball, 8RXD, EV 100.0 MPH)
|
Batting: LHB Kuemon Shishido
|
0-0: Called Strike 0-1: Swinging Strike 0-2: Strikes out swinging
|
Batting: SHB Manny Molina
|
0-0: Ball 1-0: Ball 2-0: Called Strike 2-1: Called Strike 2-2: Ground out 4-3 (Groundball, 4M, EV 88.8 MPH)
|
Top of the 4th over - 0 runs, 0 hits, 0 errors, 0 left on base; Winnipeg 1 - York 1 |
BOTTOM OF THE 4TH |
York Revolution batting - Pitching for Winnipeg Goldeyes : LHP David Gordon
|
Batting: RHB Victor Arias
|
0-0: Ball 1-0: Ball 2-0: SINGLE (Groundball, 4S, EV 63.1 MPH) (infield hit)
|
Batting: RHB Jake Cox
|
0-0: SINGLE (Flyball, 34D, EV 90.0 MPH) Victor Arias to second
|
Batting: SHB Brett St. Clair
|
0-0: SINGLE (Flyball, 5D, EV 91.9 MPH) Victor Arias to third Jake Cox to second
|
Batting: RHB Joe Hewitt
|
0-0: SINGLE (Line Drive, 78S, EV 103.1 MPH) Victor Arias scores Jake Cox to third Brett St. Clair to second
|
Batting: RHB Corey Harris
|
0-0: Ball 1-0: Called Strike 1-1: Called Strike 1-2: Strikes out swinging
|
Batting: RHB Tony Perez
|
0-0: Ball 1-0: Called Strike 1-1: Foul Ball, location: 2F 1-2: Ball 2-2: Foul Ball, location: 2F 2-2: Ball 3-2: Base on Balls Jake Cox scores Brett St. Clair to third Joe Hewitt to second
|
Pitching: RHP Larry Muttart
|
|
Batting: RHB Chris Myers
|
0-0: Called Strike 0-1: Ball 1-1: Fly out, F9 (Flyball, 9D, EV 100.6 MPH) Runner from 3rd tags up, SCORES, no throw by RF Joe Hewitt to third
|
Batting: RHB Trent Hedrick
|
0-0: Swinging Strike 0-1: Ball 1-1: Ball 2-1: SINGLE (Line Drive, 9S, EV 91.9 MPH) Joe Hewitt scores Tony Perez to second Runner from 2nd tries for 3rd, SAFE, throw by RF made to third
|
Batting: RHB Jose Corral
|
0-0: Ball 1-0: Ball 2-0: Called Strike 2-1: Fly out, F9 (Flyball, 9LS, EV 93.1 MPH)
|
Bottom of the 4th over - 4 runs, 5 hits, 0 errors, 2 left on base; Winnipeg 1 - York 5 |
TOP OF THE 5TH |
Winnipeg Goldeyes batting - Pitching for York Revolution : RHP Victor Hurtado
|
Batting: LHB Brian Wagner
|
0-0: Foul Ball, location: 2F 0-1: Swinging Strike 0-2: Ball 1-2: Foul Ball, location: 2F 1-2: Strikes out swinging
|
Batting: RHB Alexandre Garcia
|
0-0: Ball 1-0: Ball 2-0: Ball 3-0: Base on Balls
|
Batting: RHB Kenny Reynolds
|
0-0: Called Strike 0-1: Ball 1-1: Ball 2-1: Called Strike 2-2: Strikes out swinging
|
Pitching: LHP Mike Aldrich
|
|
Batting: SHB Ian Thompson
|
0-0: Ball Alexandre Garcia is caught stealing 2nd base 2-4
|
Top of the 5th over - 0 runs, 0 hits, 0 errors, 0 left on base; Winnipeg 1 - York 5 |
BOTTOM OF THE 5TH |
York Revolution batting - Pitching for Winnipeg Goldeyes : RHP Larry Muttart
|
Batting: RHB Victor Arias
|
0-0: Ball 1-0: Called Strike 1-1: SINGLE (Line Drive, 34, EV 95.0 MPH)
|
Batting: RHB Jake Cox
|
0-0: Foul Ball, location: 2F 0-1: Ball 1-1: Foul Ball, location: 2F 1-2: Fielders Choice at 2nd, 6-4 (Groundball, 56D, EV 90.0 MPH)
|
Pitching: RHP Tom Winsor
|
|
Batting: SHB Brett St. Clair
|
0-0: Called Strike 0-1: 2-RUN HOME RUN (Flyball, 89XD, EV 110.0 MPH), Distance : 408 ft
|
Batting: RHB Joe Hewitt
|
0-0: Called Strike 0-1: Called Strike 0-2: Ball 1-2: Strikes out looking
|
Batting: RHB Corey Harris
|
0-0: Called Strike 0-1: Ball 1-1: Swinging Strike 1-2: Strikes out looking
|
Bottom of the 5th over - 2 runs, 2 hits, 0 errors, 0 left on base; Winnipeg 1 - York 7 |
TOP OF THE 6TH |
Winnipeg Goldeyes batting - Pitching for York Revolution : LHP Mike Aldrich
|
Batting: SHB Ian Thompson
|
0-0: Ground out 6-3 (Groundball, 6, EV 110.0 MPH)
|
Batting: RHB Willie Jimenez
|
0-0: Called Strike 0-1: Ball 1-1: Ground out 5-3 (Groundball, 5S, EV 91.9 MPH)
|
Batting: RHB Steve Raine
|
0-0: Ball 1-0: Called Strike 1-1: Ground out 6-3 (Groundball, 6, EV 78.8 MPH)
|
Top of the 6th over - 0 runs, 0 hits, 0 errors, 0 left on base; Winnipeg 1 - York 7 |
BOTTOM OF THE 6TH |
York Revolution batting - Pitching for Winnipeg Goldeyes : RHP Tom Winsor
|
Batting: RHB Tony Perez
|
0-0: Ball 1-0: Called Strike 1-1: Called Strike 1-2: Ball 2-2: Ball 3-2: Base on Balls
|
Batting: RHB Chris Myers
|
0-0: Hit by Pitch Tony Perez to second
|
Batting: RHB Trent Hedrick
|
0-0: Ball 1-0: Ball 2-0: Swinging Strike 2-1: Foul Ball, location: 2F 2-2: Ball 3-2: Foul Ball, location: 2F 3-2: Fly out, F9 (Flyball, 89S, EV 81.9 MPH)
|
Pitching: RHP Tim Weller
|
|
Batting: RHB Jose Corral
|
0-0: 3-RUN HOME RUN (Flyball, 78XD, EV 98.1 MPH), Distance : 399 ft
|
Batting: RHB Victor Arias
|
0-0: Ball 1-0: Ball 2-0: Foul Ball, location: 2F 2-1: Swinging Strike 2-2: Fly out, F8 (Line Drive, 8LM, EV 91.2 MPH)
|
Batting: RHB Jake Cox
|
0-0: Ball 1-0: Foul Ball, location: 2F 1-1: Ball 2-1: TRIPLE (Line Drive, 8LXD, EV 105.0 MPH)
|
Batting: SHB Brett St. Clair
|
0-0: Ball 1-0: Called Strike 1-1: Swinging Strike 1-2: 2-RUN HOME RUN (Flyball, 78XD, EV 111.2 MPH), Distance : 409 ft
|
Batting: RHB Joe Hewitt
|
0-0: DOUBLE (Line Drive, 9LM, EV 85.6 MPH)
|
Batting: RHB Corey Harris
|
0-0: Foul Ball, location: 2F 0-1: Called Strike 0-2: Ball 1-2: Ball 2-2: Foul Ball, location: 2F 2-2: Strikes out looking
|
Bottom of the 6th over - 5 runs, 4 hits, 0 errors, 1 left on base; Winnipeg 1 - York 12 |
TOP OF THE 7TH |
Winnipeg Goldeyes batting - Pitching for York Revolution : LHP Mike Aldrich
|
Batting: LHB Marvin Shepherd
|
0-0: Ball 1-0: Ground out 6-3 (Groundball, 6, EV 108.8 MPH)
|
Batting: LHB Kuemon Shishido
|
0-0: Ball 1-0: Called Strike 1-1: Ball 2-1: Ball 3-1: Reached on error, E5 (Groundball, 5, EV 84.4 MPH)
|
Batting: SHB Manny Molina
|
0-0: Ball 1-0: Foul Ball, location: 2F 1-1: Called Strike 1-2: Fly out, F7 (Flyball, 7LM, EV 80.0 MPH)
|
Batting: LHB Brian Wagner
|
0-0: Ball 1-0: Ball 2-0: DOUBLE (Flyball, 8RXD, EV 101.9 MPH) Kuemon Shishido to third Runner from 3rd tries for Home, SAFE, throw by CF to home
|
Batting: RHB Alexandre Garcia
|
0-0: Called Strike 0-1: Swinging Strike 0-2: Foul Ball, location: 2F 0-2: Strikes out swinging
|
Top of the 7th over - 1 run, 1 hit, 1 error, 1 left on base; Winnipeg 2 - York 12 |
BOTTOM OF THE 7TH |
York Revolution batting - Pitching for Winnipeg Goldeyes : RHP Tim Weller
|
Pitching: RHP Scot Abbott
|
|
Batting: RHB Tony Perez
|
0-0: Ball 1-0: Swinging Strike 1-1: Foul Ball, location: 2F 1-2: Strikes out swinging
|
Batting: RHB Chris Myers
|
0-0: Called Strike 0-1: Ball 1-1: Foul Ball, location: 2F 1-2: Foul Ball, location: 2F 1-2: Fly out, F8 (Flyball, 8RD, EV 106.2 MPH)
|
Pinch Hitting: SHB Dana Guthrie
|
0-0: Ball 1-0: Foul Ball, location: 2F 1-1: Ball 2-1: Called Strike 2-2: Ball 3-2: Foul Ball, location: 2F 3-2: Foul Ball, location: 2F 3-2: Foul Ball, location: 2F 3-2: Ground out U3 (Groundball, 3, EV 80.0 MPH)
|
Bottom of the 7th over - 0 runs, 0 hits, 0 errors, 0 left on base; Winnipeg 2 - York 12 |
TOP OF THE 8TH |
Winnipeg Goldeyes batting - Pitching for York Revolution : LHP Mike Aldrich
|
Now at 1B: Joel Moore
|
|
Batting: RHB Kenny Reynolds
|
0-0: Ball 1-0: Foul Ball, location: 2F 1-1: Fly out, F6 (Popup, 6MD, EV 47.5 MPH)
|
Batting: SHB Ian Thompson
|
0-0: Fly out, F9 (Flyball, 9S, EV 87.5 MPH)
|
Batting: RHB Willie Jimenez
|
0-0: Foul Ball, location: 2F 0-1: Swinging Strike 0-2: Foul Ball, location: 2F 0-2: Foul Ball, location: 2F 0-2: Fly out, F9 (Flyball, 9LM, EV 106.9 MPH)
|
Top of the 8th over - 0 runs, 0 hits, 0 errors, 0 left on base; Winnipeg 2 - York 12 |
BOTTOM OF THE 8TH |
York Revolution batting - Pitching for Winnipeg Goldeyes : RHP Scot Abbott
|
Pitching: RHP Aaron Elliott
|
|
Batting: RHB Jose Corral
|
0-0: Ball 1-0: Foul Ball, location: 2F 1-1: Swinging Strike 1-2: Ball 2-2: Reached on error, E3 (Groundball, 3L, EV 103.1 MPH)
|
Batting: RHB Victor Arias
|
0-0: Called Strike 0-1: Called Strike 0-2: Fly out, F8 (Flyball, 8LD, EV 86.2 MPH)
|
Batting: RHB Jake Cox
|
0-0: Called Strike 0-1: Called Strike 0-2: Ball 1-2: Foul Ball, location: 2F 1-2: Ball 2-2: Ball 3-2: SINGLE (Groundball, 5L, EV 89.4 MPH) (infield hit) Jose Corral to second
|
Batting: SHB Brett St. Clair
|
0-0: Ball 1-0: Ball 2-0: Foul Ball, location: 2F 2-1: Called Strike 2-2: Strikes out swinging
|
Batting: RHB Joe Hewitt
|
0-0: Fly out, F9 (Flyball, 9D, EV 106.9 MPH)
|
Bottom of the 8th over - 0 runs, 1 hit, 1 error, 2 left on base; Winnipeg 2 - York 12 |
TOP OF THE 9TH |
Winnipeg Goldeyes batting - Pitching for York Revolution : LHP Mike Aldrich
|
Batting: RHB Steve Raine
|
0-0: Ball 1-0: Foul Ball, location: 2F 1-1: Foul Ball, location: 2F 1-2: Foul Ball, location: 2F 1-2: Ball 2-2: Ground out 6-3 (Groundball, 6M, EV 87.5 MPH)
|
Batting: LHB Marvin Shepherd
|
0-0: Ball 1-0: Foul Ball, location: 2F 1-1: Ball 2-1: Foul Ball, location: 2F 2-2: SINGLE (Flyball, 34D, EV 98.1 MPH)
|
Batting: LHB Kuemon Shishido
|
0-0: Called Strike 0-1: Ball 1-1: Ball Wild Pitch! Marvin Shepherd to second 2-1: Fly out, F8 (Flyball, 8LXD, EV 95.6 MPH) Runner from 2nd tags up, SAFE at 3rd, no throw by CF
|
Batting: SHB Manny Molina
|
0-0: Called Strike 0-1: Ball 1-1: Swinging Strike 1-2: Strikes out swinging
|
Top of the 9th over - 0 runs, 1 hit, 0 errors, 1 left on base; Winnipeg 2 - York 12 |
|